 Dungeon Crawl Stone Soup version 0.31.0-11-ge490571c62 (webtiles) character file.

Game seed: 3087291366043728332

2072 Monkooky the Carver (level 8, -2/55 (64) HPs)
             Began as a Barachi Fighter on Feb 3, 2024.
             Was a Priest of Ru.
             Slain by a wight
             ... wielding a +3 scimitar of freezing
              (3 damage)
             ... on level 6 of the Dungeon.
             The game lasted 00:16:02 (7085 turns).

Monkooky the Carver (Barachi Fighter)               Turns: 7085, Time: 00:16:03

HP:   -2/55 (64)    AC:  6    Str: 18    XL:     8   Next: 26%
MP:   17/17         EV: 11    Int:  8    God:    Ru [***...]
Gold: 23            SH:  0    Dex: 14    Spells: 7/7 levels left

rFire   x . .        a - +0 long sword
rCold   . . .        (no shield)
rNeg    . . .        d - +2 robe
rPois   .            j - +0 helmet
rElec   .            (no cloak)
rCorr   .            i - +0 pair of gloves
SInv    .            (no boots)
Will    .....        (no amulet)
Stlth   +            m - ring of magical power
HPRegen 0.29/turn    (no ring)
MPRegen 0.15/turn

%: no passive effects
@: unable to hop, heavily drained, slow
A: amphibious, slowness 1, inability to train armour, inexperienced 1, strong
legs 1, +LOS, hooves 1, heat vulnerability 1, subdued magic 1
a: Hop, Renounce Religion, Draw Out Power


You were on level 6 of the Dungeon.
You worshipped Ru.
Ru was most pleased with you.
You visited 1 branch of the dungeon, and saw 7 of its levels.

You collected 349 gold pieces.
You spent 326 gold pieces at shops.

Inventory:

Hand Weapons
 a - a +0 long sword (weapon)
 D - a +1 arbalest of freezing
 E - a +0 orcbow
Missiles
 v - 2 poisoned darts (quivered)
Armour
 b - a +0 scale mail
 c - a +0 buckler
 d - a +2 robe (worn)
 f - a +0 ring mail
 i - a +0 pair of gloves (worn)
 j - a +0 helmet (worn)
Jewellery
 l - a ring of ice
 m - a ring of magical power (left hand)
 o - a ring of fire
Scrolls
 h - a scroll of enchant armour {unknown}
 k - a scroll of butterflies
 n - 2 scrolls of revelation
 p - a scroll of amnesia
 q - a scroll of blinking
 w - a scroll of immolation {unknown}
 x - 2 scrolls of poison {unknown}
 y - 2 scrolls of teleportation
 F - a scroll of vulnerability {unknown}
 G - a scroll of fog
Potions
 e - 4 potions of mutation
 g - a potion of heal wounds {unknown}
 r - a potion of haste {unknown}
 s - a potion of curing {unknown}
 t - a potion of berserk rage {unknown}
 u - 2 potions of enlightenment {unknown}
 z - 2 potions of degeneration {unknown}
 B - a potion of ambrosia
 C - a potion of brilliance {unknown}


   Skills:
 - Level 5.9 Fighting
 - Level 8.5 Long Blades
 + Level 7.4 Ranged Weapons
 - Level 3.2 Shields
 - Level 5.0 Evocations


You had 7 spell levels left.
You didn't know any spells.
Your spell library contained the following spells:

 Spells                   Type           Power      Damage    Failure   Level
 Slow                     Hex            0%         N/A       36%         1
 Ensorcelled Hibernation  Hex/Ice        0%         N/A       50%         2
 Confusing Touch          Hex            0%         N/A       75%         3
 Passwall                 Erth           0%         N/A       75%         3
 Sigil of Binding         Hex            0%         N/A       75%         3
 Swiftness                Air            0%         N/A       75%         3
 Vampiric Draining        Necr           0%         2d6       75%         3
 Iskenderun's Battlesphe  Conj           0%         2d6       100%        5
 Bombard                  Conj/Erth      0%         9d1       100%        6
 Spellforged Servitor     Conj/Summ      0%         N/A       100%        7


Dungeon Overview and Level Annotations

Branches:
Dungeon (7/15)             Temple (0/1) D:4

Altars:
Dithmenos
Ru
Sif Muna
Uskayaw
Wu Jian

Shops:
D:3 ?:?[

Annotations:
D:1 exclusion: downstairs
D:3 exclusion: 2 downstairs


Innate Abilities, Weirdness & Mutations

You are amphibious.
You cover ground slowly.
You cannot train Armour skill.
You are somewhat inexperienced. (-1 XL)
You can hop short distances.
You have an extended range of vision and can be seen from far away.
You have large cloven feet.
You are vulnerable to heat. (rF-)
Your spells are a little easier to cast, but a little less powerful.


Message History

There is a stone staircase leading up here.
Fire: D) +1 arbalest (freeze)
Press: ? - help, Q - select action, (/) - cycle Shift-Dir - straight line, f/p - wight
Aim: a wight, wielding a +0 spear and wearing a +0 robe (lightly damaged, blind, unable to see you, 60% to hit)
You shoot a bolt. The bolt hits the wight.
The wight is moderately damaged.
The wight is no longer blind.
The wight hits you from afar with a +0 spear.
You feel drained.
The wight hits you from afar with a +0 spear.
The wight hits you with a +3 scimitar of freezing.
You feel drained. The wight freezes you.
You focus your inner power and blind the wight in retribution!
The gnoll hits you from afar with a +1 halberd of freezing!
The gnoll freezes you. The wight barely misses you.
You climb upwards.
There is a stone staircase leading down here.
You see here a +0 dagger.
Fire: D) +1 arbalest (freeze)
Press: ? - help, Q - select action, (/) - cycle Shift-Dir - straight line, f - wight
Aim: a wight, wielding a +3 scimitar of freezing and wearing a +0 robe (blind, unable to see you, 60% to hit)
You shoot a bolt. The bolt completely misses the wight.
The wight hits you with a +3 scimitar of freezing!
The wight freezes you.
You focus your inner power and blind the wight in retribution!
The wight hits you with a +3 scimitar of freezing.
* * * LOW HITPOINT WARNING * * *
You feel drained.
* * * LOW HITPOINT WARNING * * *
The wight freezes you.
* * * LOW HITPOINT WARNING * * *
Unknown command.
Your +1 arbalest of freezing stops glowing.
a - a +0 long sword (weapon)
The wight hits you with a +3 scimitar of freezing!
* * * LOW HITPOINT WARNING * * *
You feel drained.
* * * LOW HITPOINT WARNING * * *
The wight freezes you.
You die...

##.########### ####. ############
#.# #.... ....[.....[###.# #.##.
####...[.......# #.##.
#.#####.##..# #.### #.# #.##.>#
#.# #[# #.##..## #.### #.#
#.##..z#############....
####.#####....#[@..............(#
.........<....#[#############..##
.###.#######..#.# #..##
...#.#######..#.###### #....
.#.#.................## ##.##
.........##..##.###...########.#
.#..............##.............##
.#..............##....##########.
....)............#.#.###########.


You could see a wight (blind, unable to see you).

Vanquished Creatures
  A steam dragon (D:6)
  Duvessa (D:4)
  An ice beast (D:5)
  3 black bears
  A sky beast (D:6)
  3 centaurs
  An ogre (D:5)
  A kobold brigand (D:7)
  2 phantoms
  2 wights (D:7)
  Dowan (D:4)
  2 howler monkeys (D:6)
  A hound (D:6)
  A jelly (D:4)
  5 orc priests
  Terence (D:2)
  Jessica (D:2)
  2 iguanas (D:3)
  5 orc wizards
  Robin (D:3)
  3 gnolls (D:2)
  3 adders
  A shadow imp (D:6)
  A white imp (D:7)
  2 ufetubi (D:5)
  4 dart slugs
  A ribbon worm (D:2)
  24 orcs
  9 endoplasms
  5 giant cockroaches
  12 goblins
  7 hobgoblins
  4 jackals (D:3)
  6 kobolds
  5 quokkas
  2 ball pythons
  9 bats
  2 frilled lizards
  4 rats
140 creatures vanquished.

Vanquished Creatures (others)
  2 goblins
2 creatures vanquished.

Grand Total: 142 creatures vanquished

Notes
Turn   | Place    | Note
-------+----------+-------------------------------------------
     0 | D:1      | Monkooky the Barachi Fighter began the quest for the Orb.
     0 | D:1      | Reached XP level 1. HP: 18/18 MP: 1/1
   238 | D:1      | Reached skill level 3 in Long Blades
   239 | D:1      | Reached XP level 2. HP: 16/24 MP: 2/2
   766 | D:1      | Reached skill level 4 in Long Blades
  1156 | D:2      | Noticed Terence
  1225 | D:2      | You fall into a shaft and drop 2 floors!
  1249 | D:3      | Found Usche's Armour Shop.
  1258 | D:3      | Reached XP level 3. HP: 16/29 MP: 3/3
  1347 | D:3      | Bought a +0 helmet for 54 gold pieces
  1372 | D:3      | Found a sacrificial altar of Ru.
  1373 | D:3      | Found a shadowy altar of Dithmenos.
  1376 | D:3      | Became a worshipper of Ru the Awakened
  1400 | D:3      | Found Suirajase's Book Emporium.
  1463 | D:3      | Identified the +0 robe of Death's Door {Harm Stlth+}
  1832 | D:2      | Noticed Jessica
  1843 | D:2      | Killed Jessica
  1844 | D:2      | Reached skill level 5 in Long Blades
  1844 | D:2      | Reached XP level 4. HP: 22/36 MP: 4/4
  2189 | D:2      | Killed Terence
  2204 | D:2      | Reached skill level 6 in Long Blades
  2206 | D:2      | Found a faded altar of an unknown god.
  2561 | D:3      | Reached XP level 5. HP: 39/41 MP: 5/5
  2643 | D:3      | Found Plog's Magic Scroll Boutique.
  2658 | D:3      | Bought a scroll of blinking for 105 gold pieces
  2735 | D:3      | Gained mutation: You are somewhat inexperienced. (-1 XL)
                  | [Ru sacrifice]
  2735 | D:3      | Reached XP level 4. HP: 36/36 MP: 13/13
  2735 | D:3      | Reached * piety under Ru
  2773 | D:3      | Found Noenwuss's Magic Scroll Emporium.
  2776 | D:3      | Bought a scroll of noise for 13 gold pieces
  2991 | D:4      | Noticed Robin
  2991 | D:4      | Found a staircase to the Ecumenical Temple.
  3108 | D:3      | Killed Robin
  3124 | D:4      | Noticed Duvessa
  3126 | D:4      | Noticed Dowan
  3134 | D:3      | Reached skill level 7 in Long Blades
  3255 | D:3      | Reached XP level 5. HP: 7/42 MP: 5/5
  3396 | D:4      | Reached skill level 1 in Evocations
  3621 | D:4      | Killed Duvessa
  3622 | D:4      | Reached XP level 6. HP: 36/48 MP: 6/6
  3627 | D:4      | Killed Dowan
  3687 | D:3      | Bought a scroll of identify for 28 gold pieces
  3789 | D:4      | Reached skill level 5 in Evocations
  4093 | D:5      | Entered Level 5 of the Dungeon
  4177 | D:3      | Bought a scroll of teleportation for 42 gold pieces
  4394 | D:5      | Reached skill level 5 in Fighting
  4394 | D:5      | Reached skill level 8 in Long Blades
  4563 | D:5      | Reached XP level 7. HP: 32/56 MP: 7/7
  4766 | D:4      | Gained mutation: You are vulnerable to heat. (rF-) [potion
                  | of mutation]
  4766 | D:4      | Gained mutation: You have large cloven feet. [potion of
                  | mutation]
  4766 | D:4      | Gained mutation: Your spells are a little easier to cast,
                  | but a little less powerful. [potion of mutation]
  5250 | D:5      | Found an ornate altar of the Wu Jian Council.
  5255 | D:5      | Found a hide-covered altar of Uskayaw.
  5258 | D:5      | Found a shimmering blue altar of Sif Muna.
  5446 | D:6      | Reached skill level 1 in Ranged Weapons
  5653 | D:6      | Gained mutation: You cannot train Armour skill. [Ru
                  | sacrifice]
  5653 | D:6      | Reached ** piety under Ru
  5653 | D:6      | Reached *** piety under Ru
  5979 | D:5      | Reached skill level 5 in Ranged Weapons
  6223 | D:6      | Reached XP level 8. HP: 59/64 MP: 8/8
  6840 | D:3      | Bought a scroll of fog for 56 gold pieces
  6840 | D:3      | Bought a scroll of identify for 28 gold pieces
  7085 | D:6      | HP: 1/55 [wight/+3 scimitar of freezing (2)]
  7085 | D:6      | Slain by a wight

Illustrated notes

Levels and vault maps discovered:
D:1:      wheals_arrival_linesprint, layout_basic, serial_corexii_hall,
          corexii_hall_statues_x, chequers_hall_statues_wall_a, kennysheep_boxes
D:2:      layout_basic, ebering_ecumenical_altar_box, grunt_decor_cap,
          minmay_misc_feat_rows, uniq_jessica, uniq_terence
D:3:      layout_rooms, mainiacjoe_overflow_divided_tiny, serial_shops,
          nicolae_shop_rolled_up, shop, shop,
          nicolae_shop_temple_entry_statues_fountains
D:4:      layout_rooms, temple_fountains, uniq_robin, uniq_duvessa
D:5:      layout_gridville, minitemple, chequers_serial_rivers_micro_e
D:6:      layout_loops_ring, hangedman_abyss_or_decor_slice
D:7:      layout_layer_cave, gammafunk_temple_overflow_forgotten

Skill      XL: |  1  2  3  4  5  6  7  8 |
---------------+-------------------------+-----
Long Blades    | 3 4 5 7 8 |  8.5
Evocations     | 4 5 |  5.0
Fighting       | 5 |  5.9
Ranged Weapons | 6 7 |  7.4
Armour         | 0 |  0.0
Shields        | |  3.2

Action                     |  1- 3 |  4- 6 |  7- 9 || total
---------------------------+-------+-------+-------++-------
  Melee: Long sword        |   111 |   247 |   178 ||   536
         Kick              |       |       |    43 ||    43
   Fire: Arbalest          |       |       |    11 ||    11
  Throw: Dart              |       |       |     2 ||     2
 Invoke: Sacrifice Experie |       |     1 |       ||     1
         Sacrifice Durabil |       |       |     1 ||     1
         Draw Out Power    |       |       |     1 ||     1
Ability: Hop               |     2 |     3 |     5 ||    10
  Evoke: Wand              |       |     2 |     3 ||     5
    Use: Potion            |       |     1 |     1 ||     2
         Scroll            |       |     2 |     2 ||     4
   Stab: Distracted        |       |     1 |       ||     1
         Sleeping          |       |       |     1 ||     1
 Armour: Scale mail        |    82 |   228 |    68 ||   378
         Robe              |       |       |    87 ||    87
  Dodge: Dodged            |    71 |   128 |    88 ||   287
  Block: Buckler           |    27 |    74 |    46 ||   147
